 Dungeon Crawl Stone Soup version 0.29.1-13-g9f3cf754e1 (webtiles) character file.

Game seed: 16335536423670335388

55 KittyFluff the Trooper (level 3, -2/24 HPs)
             Began as a Gargoyle Berserker on Jan 30, 2023.
             Was a Follower of Trog.
             Slain by a goblin
             ... wielding a +3 dagger
             ... led by Robin
              (4 damage)
             ... on level 2 of the Dungeon.
             The game lasted 00:07:10 (2599 turns).

KittyFluff the Trooper (Gargoyle Berserker)         Turns: 2599, Time: 00:07:11

Health: -2/24      AC:  5    Str: 20    XL:     3   Next: 93%
Magic:  3/3        EV: 12    Int:  7    God:    Trog [*.....]
Gold:   64         SH:  0    Dex: 11    Spells: 2/2 levels left

rFire   . . .      SeeInvis .   a - +0 mace
rCold   . . .      Faith    .   (no shield)
rNeg    + . .      Spirit   .   b - +0 animal skin
rPois   ∞          Reflect  .   (no helmet)
rElec   +          Harm     .   (no cloak)
rCorr   .          Rampage  .   (no gloves)
Will    .....                   (no boots)
Stlth   +.........              (no amulet)
HPRegen 0.08/turn               (no ring)
MPRegen 0.08/turn               (no ring)

@: on berserk cooldown, slowed, very slow
A: sickness immunity, AC +3, negative energy resistance 1, electricity
resistance, torment resistance 1, petrification resistance
a: Renounce Religion, Berserk


You were on level 2 of the Dungeon.
You worshipped Trog.
Trog was aware of your devotion.
You visited 1 branch of the dungeon, and saw 2 of its levels.

You collected 64 gold pieces.

Inventory:

Hand Weapons
 a - a +0 mace (weapon)
 f - a +0 flail
 i - a +0 sling of flaming
Missiles
 j - 14 stones (quivered)
 t - a throwing net
Armour
 b - a +0 animal skin (worn)
Jewellery
 n - a ring of fire
Scrolls
 c - 2 scrolls of identify {unknown}
 l - 2 scrolls of vulnerability {unknown}
 m - a scroll of blinking {unknown}
 p - a scroll of brand weapon {unknown}
 q - a scroll of fog {unknown}
 r - a scroll of teleportation {unknown}
Potions
 d - a potion of cancellation {unknown}
 e - 2 potions of curing {unknown}
 g - a potion of lignification {unknown}
 h - a potion of haste {unknown}
 k - 2 potions of might {unknown}
 o - a potion of ambrosia {unknown}
 s - a potion of mutation {unknown}


   Skills:
 + Level 3.7 Fighting
 + Level 3.6 Maces & Flails
 * Level 2.7 Armour
 + Level 2.0 Dodging
 + Level 1.0 Stealth


You had 2 spell levels left.
You didn't know any spells.
Your spell library was empty.

Dungeon Overview and Level Annotations

Branches:
Dungeon (2/15)

Altars:

Shops:
D:1 *=


Innate Abilities, Weirdness & Mutations

You are immune to sickness and miasma.
Your stone body is resilient. (AC +3)
You are immune to poison.
You resist negative energy. (rN+)
You are resistant to electric shocks. (rElec)
You are resistant to unholy torment.
You are immune to petrification.


Message History

The goblin barely misses you.
You hit Robin.
Robin is severely wounded.
The goblin hits you with a +0 dagger.
* * * LOW HITPOINT WARNING * * *
You thump Robin!
You kill Robin!
Trog accepts your kill.
You closely miss the goblin.
The goblin is severely wounded.
The goblin hits you but does no damage.
You thump the goblin!
You kill the goblin!
Trog accepts your kill.
The hobgoblin hits you but does no damage.
Your Dodging skill increases to level 2!
You barely miss the hobgoblin. The hobgoblin misses you.
You sock the hobgoblin!
You kill the hobgoblin!
Trog accepts your kill.
A goblin comes into view. It is wielding a +0 club.
You are no longer berserk.
You are exhausted.
You feel yourself slow down.
The goblin shouts!
You hear a shout!
The goblin barely misses you.
Items here: ))))) [[ †††.
The goblin attacks as you move away! The goblin hits you but does no damage.
Items here: )))) †.
You barely miss the goblin. The goblin barely misses you. x2
You closely miss the goblin. The goblin hits you with a +3 dagger.
* * * LOW HITPOINT WARNING * * *
The goblin hits you with a +3 dagger.
* * * LOW HITPOINT WARNING * * *
You closely miss the goblin.
The goblin no longer looks unusually strong.
The goblin closely misses you.
A hobgoblin comes into view.
The goblin hits you with a +3 dagger.
You die...

#......###.## #.##.......##...
### #. #.##.....#....## ...###.
#.# #.........## .......####
####g###g....###... ..........
.........g...##.... .......###
###.#............. .
#.......#####.#g#.....#..... ..
##........)@gg..#.........## #..
#.......#####..###........##
#..##.......#####.[........#....
#..>................#...........
..##.........####.....).........
###<....#...##...............
##.......##.#....##.........[
..........##....####..........
###.............#.............


You could see a hobgoblin (wandering) and 2 goblins.

Vanquished Creatures
  Robin (D:2)
  2 adders (D:2)
  2 endoplasms (D:2)
  A giant cockroach (D:1)
  9 goblins
  2 hobgoblins (D:2)
  A kobold (D:2)
  2 quokkas (D:1)
  2 bats (D:1)
  2 rats (D:2)
24 creatures vanquished.

Notes
Turn   | Place    | Note
-------+----------+-------------------------------------------
     0 | D:1      | KittyFluff the Gargoyle Berserker began the quest for the
                  | Orb.
     0 | D:1      | Reached XP level 1. HP: 14/14 MP: 1/1
    66 | D:1      | Found Isul's Jewellery Shop.
   415 | D:1      | Found a faded altar of an unknown god.
  1294 | D:1      | Found Repiuth's General Store.
  1738 | D:1      | Reached * piety under Trog
  1774 | D:1      | Reached XP level 2. HP: 19/19 MP: 2/2
  1995 | D:2      | Reached XP level 3. HP: 9/23 MP: 3/3
  2547 | D:2      | Noticed Robin
  2588 | D:2      | Reached skill level 1 in Stealth
  2590 | D:2      | Killed Robin
  2599 | D:2      | Slain by a goblin

Illustrated notes

Levels and vault maps discovered:
D:1:      co_arrival_square_in_a_square_in_a_square, layout_basic, serial_shops,
          shop_fountains, nicolae_shop_behind_doors,
          shapermc_ecumenical_altar_gd, minmay_octomino_j4
D:2:      layout_rooms, uniq_robin

Skill      XL: |  1  2  3 |
---------------+----------+-----
Stealth        | 1 |  1.0
Dodging        | 2 |  2.0
Fighting       | |  3.7
Maces & Flails | |  3.6
Armour         | |  2.7

Action                   || total
-------------------------++-------
Melee: Mace              ||    91
Invok: Berserk           ||     1
 Stab: Sleeping          ||     1
Armor: Animal skin       ||    45
Dodge: Dodged            ||    64
